 Dungeon Crawl Stone Soup version 0.21-a0-94-gdd6ab6a (webtiles) character file.

54 Spazmo the Conjurer (level 3, -1/20 HPs)
             Began as a Deep Elf Conjurer on July 2, 2017.
             Slain by Terence
             ... wielding a +0 short sword
              (4 damage)
             ... on level 2 of the Dungeon.
             The game lasted 00:03:17 (1129 turns).

Spazmo the Conjurer (Deep Elf Conjurer)             Turns: 1129, Time: 00:03:18

Health: -1/20      AC:  3    Str:  5    XL:     3   Next: 66%
Magic:  0/10       EV: 13    Int: 20    God:
Gold:   38         SH:  0    Dex: 15    Spells: 7/10 levels left

rFire    . . .     SeeInvis .   h - +0 short sword
rCold    . . .     Gourm    .   (no shield)
rNeg     . . .     Faith    .   m - +0 robe
rPois    .         Spirit   .   (no helmet)
rElec    .         Reflect  .   j - +0 cloak
rCorr    .         Harm     .   (no gloves)
MR       .....                  (no boots)
Stlth    ++........             (no amulet)
HPRegen  0.06/turn              (no ring)
MPRegen  0.12/turn              (no ring)

@: no status effects
A: no striking features
a: no special abilities


You were on level 2 of the Dungeon.
You were hungry.

You visited 1 branch of the dungeon, and saw 2 of its levels.

You collected 38 gold pieces.

Inventory:

Hand Weapons
 h - a +0 short sword (weapon)
Missiles
 d - 44 stones (quivered)
Armour
 j - a +0 cloak (worn)
 m - a +0 robe (worn)
Scrolls
 g - 2 scrolls of identify
Potions
 a - a potion of resistance {unknown}
 i - a potion of heal wounds
Books
 b - a book of Conjurations

   Spells                             Type                      Level
   a - Magic Dart                     Conjuration                  1
   b - Searing Ray                    Conjuration                  2
   c - Dazzling Spray                 Conjuration/Hexes            3
   d - Fulminant Prism                Conjuration/Hexes            4
   e - Force Lance                    Conjuration/Translocation    4
   f - Iskenderun's Mystic Blast      Conjuration                  4
Comestibles
 c - 2 bread rations
 f - 2 fruits
 k - 3 chunks of flesh


   Skills:
 + Level 0.7 Fighting
 + Level 3.1 Dodging
 - Level 2.4 Stealth
 * Level 4.0 Spellcasting
 * Level 4.9 Conjurations


You had 7 spell levels left.
You knew the following spells:

 Your Spells              Type           Power        Failure   Level  Hunger
a - Magic Dart            Conj           ###.         1%          1    None
b - Searing Ray           Conj           ###...       2%          2    #......


Dungeon Overview and Level Annotations

Branches:
Dungeon (2/15)

Altars:

Annotations:
D:2 Terence


Message History

Terence is almost dead.
Terence hits you with a short sword!
Casting: Magic Dart
Confirm with . or Enter, or press ? or * to list all spells.
Aiming: Magic Dart
Press: ? - help, Shift-Dir - straight line, f/p - Terence
Aim: Terence, wielding a short sword and wearing a runed ring mail (almost dead)
The magic dart hits Terence.
Terence is almost dead.
Terence hits you with a short sword.
* * * LOW HITPOINT WARNING * * *
Casting: Magic Dart
Confirm with . or Enter, or press ? or * to list all spells.
Aiming: Magic Dart
Press: ? - help, Shift-Dir - straight line, f/p - Terence
Aim: Terence, wielding a short sword and wearing a runed ring mail (almost dead)
The magic dart hits Terence.
Terence is almost dead.
Terence hits you with a short sword.
You die...

..##...## #####.# #..#
...$....#####.....# #..#
..............#######..#
#.$...................#
#...)†..############.##
##....@## #.# ##.?..#
#.#######.#
#.##.#############.........#
#............@@..#..########
#.##.#..######......# #
#.....# #.###..# .......?.
...# #..# #.#...########.#
#..# #.##.## #.. ...# # #.#
### ##.# #. ..# .#


You could see Terence.

Vanquished Creatures
  2 adders (D:2)
  An ooze (D:1)
  A worm (D:2)
  A leopard gecko (D:1)
  2 bats
  2 giant cockroaches
  4 goblins
  3 hobgoblins (D:1)
  2 jackals (D:1)
  3 kobolds (D:1)
  A ball python (D:1)
  4 frilled lizards (D:1)
26 creatures vanquished.

Notes
Turn   | Place    | Note
-------+----------+-------------------------------------------
     0 | D:1      | Spazmo the Deep Elf Conjurer began the quest for the Orb.
     0 | D:1      | Reached XP level 1. HP: 10/10 MP: 6/6
   201 | D:1      | Reached XP level 2. HP: 13/15 MP: 6/8
   886 | D:1      | Learned a level 2 spell: Searing Ray
   918 | D:2      | Reached XP level 3. HP: 20/20 MP: 8/10
  1041 | D:2      | Noticed Terence
  1129 | D:2      | Slain by Terence

Vault maps used:
D:1:      tarquinn_simple_flora_water_c, minmay_misc_feat_nine_boxes,
          serial_park_tiny_1, minivault_23, minmay_cupped
D:2:      uniq_jessica, uniq_terence

Skill      XL: |  1  2  3 |
---------------+----------+-----
Dodging        | 3 |  3.1
Spellcasting   | 4 |  4.0
Fighting       | |  0.7
Stealth        | |  2.4
Conjurations   | |  4.9

Action                   || total
-------------------------++-------
Melee: Unarmed           ||     1
       Short sword       ||     4
 Cast: Magic Dart        ||    63
       Searing Ray       ||     2
  Use: Scroll            ||     4
Armor: Robe              ||     4
Dodge: Dodged            ||    19
